 Dungeon Crawl Stone Soup version 0.30.0-18-gc0e69614cb (webtiles) character file.

Game seed: 4942355444654985698

305 JanusIIV the Ruffian (level 6, -5/57 (61) HPs)
             Began as a Troll Fighter on May 24, 2023.
             Shot with a bolt by an orc warrior (15 damage)
             ... on level 4 of the Dungeon.
             The game lasted 00:04:15 (2271 turns).

JanusIIV the Ruffian (Troll Fighter)                Turns: 2271, Time: 00:04:15

HP:   -5/57 (61)    AC:  5    Str: 25    XL:     6   Next: 16%
MP:   5/5           EV:  8    Int:  6    God:
Gold: 200           SH:  8    Dex:  9    Spells: 5/5 levels left

rFire   . .          .
                       - Unarmed
rCold   . . .        b - +0 kite shield
rNeg    . . .        a - +1 robe
rPois   .            (helmet restricted)
rElec   .            (no cloak)
rCorr   .            (gloves unavailable)
SInv    .            (boots unavailable)
Will    .....        (no amulet)
Stlth   +            (no ring)
HPRegen 1.09/turn    (no ring)
MPRegen 0.09/turn

%: no passive effects
@: drained
A: large, unfitting armour, claws 3, regeneration 1, shaggy fur 1, tough skin 1
a: no special abilities


You were on level 4 of the Dungeon.
You visited 1 branch of the dungeon, and saw 4 of its levels.

You collected 200 gold pieces.

Inventory:

Armour
 a - a +1 robe (worn)
 b - a +0 kite shield (worn)
Jewellery
 d - a +6 ring of dexterity
 r - a ring of resist corrosion
 v - a +4 ring of slaying
Wands
 y - a wand of polymorph (10)
Scrolls
 e - 2 scrolls of magic mapping {unknown}
 h - a scroll of fog {unknown}
 i - 5 scrolls of identify
 j - 2 scrolls of noise
 k - 2 scrolls of enchant armour
 m - a scroll of acquirement {unknown}
 q - a scroll of teleportation
 t - a scroll of blinking {unknown}
 u - a scroll of butterflies {unknown}
Potions
 c - 2 potions of might
 f - a potion of ambrosia {unknown}
 g - 2 potions of attraction
 l - 2 potions of mutation {unknown}
 n - 2 potions of brilliance {unknown}
 o - 2 potions of curing {unknown}
 p - a potion of lignification {unknown}
 s - a potion of magic {unknown}
 w - a potion of heal wounds {unknown}
 x - a potion of resistance {unknown}


   Skills:
 + Level 3.5 Fighting
 - Level 2.4 Dodging
 + Level 3.9 Shields
 * Level 4.8 Unarmed Combat


You had 5 spell levels left.
You didn't know any spells.
Your spell library contained the following spells:

 Spells                   Type           Power      Damage    Failure   Level
 Passwall                 Tmut/Erth      0%         N/A       83%         2
 Wereblood                Tmut           0%         N/A       83%         2
 Statue Form              Tmut/Erth      0%         N/A       100%        6
 Storm Form               Tmut/Air       0%         N/A       100%        7


Dungeon Overview and Level Annotations

Branches:
Dungeon (4/15)
 Temple: D:4-7

Altars:
Kikubaaqudgha

Annotations:
D:4 Dowan, Duvessa, Sigmund


Innate Abilities, Weirdness & Mutations

You are too large for most types of armour.
You have claws for hands.
Your natural rate of healing is unusually fast.
You are covered in fur. (AC +1)
You have tough skin. (AC +1)


Message History

You climb upwards.
Reactivating autopickup.
There is a stone staircase leading down here.
Things that are here:
a +0 leather armour; a +0 hand axe You start resting.
HP restored.
You climb downwards.
Level annotation: Dowan, Duvessa, Sigmund The orc shouts! x2
The hobgoblin completely misses you.
The orc warrior hits you from afar with a +0 glaive!
You block the hobgoblin's attack.
The orc warrior hits you from afar with a +0 glaive!
A giant cockroach comes into view.
There is a stone staircase leading up here.
You barely miss the hobgoblin.
The ball python hisses angrily.
The hobgoblin barely misses you. You block the orc warrior's attack.
You mangle the hobgoblin!!
You kill the hobgoblin!
The orc warrior unwields a +0 glaive.
The orc warrior wields a +2 arbalest of draining.
You sense an unholy aura.
The orc warrior shoots a bolt.
You block the bolt.
The orc warrior shoots a bolt.
The bolt hits you!!
You feel drained.
You see here a hobgoblin corpse.
A phantom comes into view.
The giant cockroach bites you but does no damage.
A goblin comes into view. It is wielding a +0 club.
The orc warrior shoots a bolt.
The bolt hits you!
* * * LOW HITPOINT WARNING * * *
You feel drained.
* * * LOW HITPOINT WARNING * * *
The giant cockroach bites you but does no damage.
There is a stone staircase leading up here.
The goblin shouts!
The orc closely misses you.
The giant cockroach bites you but does no damage.
The orc warrior shoots a bolt.
The bolt hits you!
You die...

########### #########
#.........# #........
#.........# #........
#.........# #........
#.........# #...)....
#.........####........
#.....................
#.....................
#...†@†...............
#..ooB....####........
#..oS.....# #.....#+#
###'#####.# #####.#.#
#. #.# #...#.#.# ?W
#.# #†.##.#.. .g .
#..##.##. ... #. #..>#
+e ...#####..####.


You could see an orc warrior, a phantom, 2 orcs, a giant cockroach, a goblin and
a ball python.

Vanquished Creatures
  A phantom (D:4)
  A scorpion (D:4)
  An orc priest (D:3)
  An iguana (D:4)
  An orc wizard (D:3)
  An adder (D:4)
  An ufetubus (D:4)
  2 worms
  3 dart slugs
  2 orcs (D:3)
  7 ball pythons
  4 bats
  5 endoplasms
  2 giant cockroaches (D:1)
  3 goblins
  3 hobgoblins
  2 jackals (D:2)
  3 quokkas
  10 frilled lizards
  10 kobolds
  10 rats
73 creatures vanquished.

Notes
Turn   | Place    | Note
-------+----------+-------------------------------------------
     0 | D:1      | JanusIIV the Troll Fighter began the quest for the Orb.
     0 | D:1      | Reached XP level 1. HP: 22/22 MP: 0/0
   163 | D:1      | Reached XP level 2. HP: 29/29 MP: 1/1
   619 | D:1      | Reached XP level 3. HP: 36/36 MP: 2/2
   680 | D:2      | Reached skill level 3 in Unarmed Combat
   944 | D:2      | Found an ancient bone altar of Kikubaaqudgha.
  1505 | D:3      | Reached XP level 4. HP: 21/44 MP: 3/3
  1608 | D:3      | Got Oriegeyh's Exposition on Evolution
  1645 | D:3      | Found a faded altar of an unknown god.
  2095 | D:4      | Reached skill level 4 in Unarmed Combat
  2095 | D:4      | Reached XP level 5. HP: 44/53 MP: 4/4
  2138 | D:4      | Noticed a phantom
  2146 | D:4      | Killed a phantom
  2150 | D:4      | Reached XP level 6. HP: 61/61 MP: 5/5
  2218 | D:4      | Noticed Dowan
  2218 | D:4      | Noticed Sigmund
  2234 | D:4      | Noticed Duvessa
  2244 | D:4      | Noticed an orc warrior
  2271 | D:4      | Shot with a bolt by an orc warrior

Illustrated notes

Levels and vault maps discovered:
D:1:      dpeg_arrival_refuge, layout_basic, minmay_lizard_pond
D:2:      layout_basic, basic_altar, minmay_cupped
D:3:      layout_loops_ring, chequers_ecumenical_altar_twisty,
          nicolae_underground_beach
D:4:      layout_basic, uniq_duvessa, uniq_sigmund

Skill      XL: |  1  2  3  4 |
---------------+-------------+-----
Shields        | 3 |  3.9
Unarmed Combat | 3 4 |  4.8
Fighting       | 3 |  3.5
Dodging        | |  2.4

Action                     |  1- 3 |  4- 6 || total
---------------------------+-------+-------++-------
  Melee: Unarmed           |   123 |    58 ||   181
    Use: Scroll            |       |     4 ||     4
 Armour: Robe              |    52 |    20 ||    72
  Dodge: Dodged            |    39 |    26 ||    65
  Block: Kite shield       |    46 |    23 ||    69
